 Dungeon Sprint DCSS version 0.30-a0-459-g9104f0fc43 (webtiles) character file.

Game seed: 2668994505157484922

13874 BigDaddyOpFi the End of an Era (level 12, -3/124 HPs)
             Began as a Hill Orc Monk on Dec 15, 2022.
             Was the Champion of Qazlal.
             Killed from afar by a Brimstone Fiend (23 damage)
             ... with damnation
             ... summoned by a dread lich
             ... in the Dungeon (Sprint V: "Ziggurat Sprint").
             The game lasted 00:05:00 (1836 turns).

BigDaddyOpFi the End of an Era (Hill Orc Monk)      Turns: 1836, Time: 00:05:00

Health: -3/124     AC: 33    Str: 32    XL:     12   Next: 10%
Magic:  3/24       EV:  6    Int: 10    God:    Qazlal [******]
Gold:   0          SH: 36    Dex: 18    Spells: 11/11 levels left

rFire   . . .      SeeInvis +    F - +6 shillelagh "Devastator" {shatter}
rCold   x . .      Faith    .    k - +3 tower shield
rNeg    . . .      Spirit   .    j - +5 crystal plate armour
rPois   .          Reflect  +    (no helmet)
rElec   +          Harm     .    Q - +0 cloak "Ymunepri" {rC- Str+7}
rCorr   .          Rampage  .    (no gloves)
Will    .....      NoTele   +    (no boots)
Stlth   ..........               G - amulet "Femaser" {Reflect rElec SH+5}
HPRegen 0.40/turn                O - ring of Upticsuw {*Corrode Dex+5 SInv}
MPRegen 0.19/turn                A - +6 ring of strength

@: protected from physical damage, repel missiles
A: no striking features
a: Renounce Religion, Upheaval, Elemental Force, Disaster Area


You were in the Dungeon.
You worshipped Qazlal.
Qazlal was exalted by your worship.
You visited 1 branch

Inventory:

Hand Weapons
 F - the +6 shillelagh "Devastator" (weapon) {shatter}
   (You found it in the Dungeon)

   It releases a powerful concussive burst when it strikes, dealing extra damage
   to the target and all other creatures adjacent to them.
Missiles
 b - a throwing net
Armour
 j - a +5 crystal plate armour (worn)
 k - a +3 tower shield (worn)
 Q - the +0 cloak "Ymunepri" (worn) {rC- Str+7}
   (You found it in the Dungeon)

   Str:       It affects your strength (+7).
   rC:        It makes you vulnerable to cold.
Jewellery
 u - a ring of flight
 v - a +6 ring of dexterity
 w - a +6 ring of dexterity
 x - a +6 ring of intelligence
 y - a +6 ring of intelligence
 z - a +6 ring of strength
 A - a +6 ring of strength (right hand)
 G - the amulet "Femaser" (around neck) {Reflect rElec SH+5}
   (You found it in the Dungeon)

   [amulet of reflection]

   It reflects blocked missile attacks.
   rElec:     It insulates you from electricity.
   SH:        It affects your SH (+5).
 H - an amulet of guardian spirit
 J - the macabre finger necklace {rN+}
   (You found it in the Dungeon)

   [amulet of nothing]

   It enables you to equip an extra ring.
   rN:        It protects you from negative energy.
 K - a ring of ice
 N - a ring of wizardry
 O - the ring of Upticsuw (left hand) {*Corrode Dex+5 SInv}
   (You found it in the Dungeon)

   [ring of see invisible]

   Dex:       It affects your dexterity (+5).
   SInv:      It lets you see invisible.
   *Corrode:  It may corrode you when you take damage.
 P - a ring of protection from cold
Wands
 B - a wand of mindburst (7)
 D - a wand of acid (5) (quivered)
Scrolls
 i - 3 scrolls of blinking
 q - 4 scrolls of amnesia
 r - 7 scrolls of fog
 s - 5 scrolls of identify
 t - 2 scrolls of fear
Potions
 c - a potion of ambrosia
 d - 10 potions of curing
 e - 6 potions of heal wounds
 f - 6 potions of haste
 g - 7 potions of magic
 h - 3 potions of berserk rage
 l - 2 potions of brilliance
 m - 2 potions of invisibility
 n - 4 potions of resistance
 p - 5 potions of might
Miscellaneous
 a - a tin of tremorstones (2/2)
 o - a phantom mirror
 C - a box of beasts
 E - a lightning rod (4/4)
 I - a lightning rod (4/4)
 L - a phantom mirror
 M - a phantom mirror


   Skills:
 + Level 16.6 Fighting
 - Level 3.0 Short Blades
 + Level 14.9 Maces & Flails
 + Level 14.9 Armour
 - Level 2.4 Dodging
 - Level 1.5 Stealth
 + Level 14.9 Shields
 + Level 16.9 Invocations


You had 11 spell levels left.
You didn't know any spells.
Your spell library contained the following spells:

 Spells                   Type           Power      Damage    Failure   Level
 Sandblast                Erth           0%         2d4       100%        1
 Blink                    Tloc           0%         N/A       100%        2
 Momentum Strike          Conj/Tloc      0%         3d8       100%        2
 Passwall                 Tmut/Erth      0%         N/A       100%        2
 Lesser Beckoning         Tloc           0%         N/A       100%        3
 Stone Arrow              Conj/Erth      0%         3d7       100%        3
 Summon Guardian Golem    Hex/Summ       0%         N/A       100%        3
 Alistair's Intoxication  Tmut/Pois      0%         N/A       100%        5
 Borgnjor's Vile Clutch   Necr/Erth      0%         N/A       100%        5
 Eringya's Noxious Bog    Tmut/Pois      0%         N/A       100%        6
 Orb of Destruction       Conj           0%         9d5       100%        7
 Spellforged Servitor     Conj/Summ      0%         N/A       100%        7


Dungeon Overview and Level Annotations

Branches:
Dungeon (1/1)

Altars:
Ashenzari
Cheibriados
Dithmenos
Elyvilon
Fedhas
Gozag
Hepliaklqana
Kikubaaqudgha
Makhleb
Nemelex Xobeh
Okawaru
Qazlal
Ru
Sif Muna
Trog
Uskayaw
Vehumet
Wu Jian
Xom
Yredelemnul
Zin
The Shining One
Beogh
Jiyva
Lugonu

Annotations:
D 1 transporter


Message History

Your air elemental disappears in a puff of smoke!
Your fire elemental disappears in a puff of smoke!
The Brimstone Fiend is no longer paralysed.
Your air elemental hits the ancient lich but does no damage.
You block the quicksilver elemental's attack.
The ancient lich misses your air elemental.
The dread lich touches your earth elemental but does no damage.
Your air elemental fires a burst of electricity at the ancient lich.
The stunning burst hits the ancient lich but does no damage.
The stunning burst hits your earth elemental.
Your earth elemental completely resists.
You hit the iron golem but do no damage.
The iron golem is moderately damaged.
Your air elemental hits the ancient lich but does no damage.
The ancient lich is struck by lightning.
The ancient lich touches your air elemental!
Your air elemental is destroyed!
Your air elemental disappears in a puff of smoke!
The dread lich touches your earth elemental!
The Brimstone Fiend calls on the powers of darkness!
Your body is wracked with pain!
You block the iron golem's attack. x2
The quicksilver elemental breathes dispelling energy at you.
The bolt of dispelling energy misses you.
Your earth elemental closely misses the quicksilver elemental.
You hit the iron golem but do no damage.
The iron golem is moderately damaged.
You block the quicksilver elemental's attack.
The iron golem hits you!
* * * LOW HITPOINT WARNING * * *
You block the iron golem's attack.
Blink to where?
Press: ? - help, Dir - move target
As you read the scroll of blinking, it crumbles to dust.
The quicksilver elemental breathes dispelling energy at you.
The bolt of dispelling energy hits you.
* * * LOW HITPOINT WARNING * * *
The ancient lich touches your earth elemental!
The Brimstone Fiend gestures at you.
The sphere of damnation explodes!
The damnation engulfs you!!
You die...

▓....)....▓.[)).).▓
▓..))))...▓..)....▓
▓.........▓..)..).▓
▓.........▓.......▓
▓....)....▓.......▓
▓.▓....)▓.▓.▓...▓.▓
▓....©....▓...©...▓
▓▓▓▓▓▓▓▓▓▓▓▓▓▓▓▓▓▓▓
▓...8©8..@▓...8©8...▓
▓.."==.|§.▓....[....▓
▓....|))..▓...[}.}..▓
▓...[.)...▓.........▓
▓.≈.......▓.........▓
▓..1○E....▓.........▓
▓..9○EL...▓.........▓
▓..§L.....▓.▓.....▓.▓
▓.▓°○...▓.▓....©....▓


You could see an iron golem (ally target), an ancient lich (invisible), a dread
lich (invisible), a Brimstone Fiend (summoned), a quicksilver elemental
(catching breath) and a friendly earth elemental (summoned).

Vanquished Creatures
  3 ancient champions (D)
  2 war gargoyles (D)
  2 dancing weapons (D)
  2 deep elf knights (D)
  2 deep elf archers (D)
  2 deep elf zephyrmancers (D)
  4 deep elf pyromancers (D)
  An eye of devastation (D)
  4 merfolk (D)
  2 tarantellas (D)
  2 slime creatures (D)
  A golden eye (D)
  An orc warrior (D)
  A phantom (D)
  A necrophage (D)
  2 earth elementals (D)
  3 scorpions (D)
  A wight (D)
  A quasit (D)
  4 orc priests (D)
  4 jellies (D)
  An orc wizard (D)
  2 shadow imps (D)
  An adder skeleton (D)
  4 orcs (D)
  2 ball pythons (D)
  A bat skeleton (D)
  An endoplasm (D)
  A quokka skeleton (D)
  A quokka zombie (D)
59 creatures vanquished.

Vanquished Creatures (others)
  A crystal echidna (D)
1 creature vanquished.

Grand Total: 60 creatures vanquished

Notes
Turn   | Place    | Note
-------+----------+-------------------------------------------
     0 | D        | BigDaddyOpFi the Hill Orc Monk began the quest for the Orb.
     0 | D        | Reached XP level 1. HP: 19/19 MP: 1/1
     3 | D        | Found a blossoming altar of Fedhas.
     3 | D        | Found the +6 Majin-Bo {vamp, MP+6 Int+6}
     3 | D        | Found the +27 heavy crossbow "Sniper" {vorpal, Acc+∞ SInv}
     3 | D        | Found the +10 dark maul {vorpal}
     3 | D        | Found the +15 Maxwell's patent armour {-Cast -Tele rElec
                  | Will+ rCorr}
     3 | D        | Found the +18 shield of the Gong {rElec rN+ Will+ EV-5}
     3 | D        | Found the +14 obsidian axe {vorpal, Mesm Drain Fly SInv}
     3 | D        | Found the +7 great mace "Firestarter" {inner flame, rF++}
     3 | D        | Found the +6 shillelagh "Devastator" {shatter}
     3 | D        | Found the +11 plutonium sword {Contam Stlth-}
     3 | D        | Found the +8 lance "Wyrmbane" {slay drac, rPois rF+ rC+
                  | AC+3}
     3 | D        | Found the +9 sword of Zonguldrok {reap}
     3 | D        | Found the +13 scythe of Curses {drain, Drain}
     3 | D        | Found the +5 sword of Power {vorpal}
     3 | D        | Found the +7 mace of Variability {chain chaos}
     3 | D        | Found the +7 Singing Sword {vorpal, sonic wave}
     3 | D        | Found the +8 storm bow {elec, penet}
     7 | D        | Found a shimmering blue altar of Sif Muna.
     7 | D        | Found a sacrificial altar of Ru.
     7 | D        | Found a bloodstained altar of Trog.
     7 | D        | Found a stormy altar of Qazlal.
     7 | D        | Found an iron altar of Okawaru.
     7 | D        | Found a sparkling altar of Nemelex Xobeh.
     9 | D        | Found a transporter.
     9 | D        | Found an ancient bone altar of Kikubaaqudgha.
     9 | D        | Found a viscous altar of Jiyva.
     9 | D        | Found a corrupted altar of Lugonu.
     9 | D        | Found a hazy altar of Hepliaklqana.
     9 | D        | Found a burning altar of Makhleb.
     9 | D        | Found an opulent altar of Gozag.
    56 | D        | Became a worshipper of Qazlal Stormbringer
    56 | D        | Reached * piety under Qazlal
    56 | D        | Reached ** piety under Qazlal
    57 | D        | Reached skill level 5 in Fighting
    57 | D        | Reached XP level 2. HP: 30/30 MP: 2/2
    84 | D        | Entered arena 2.
    84 | D        | Found a transporter.
    91 | D        | Entered arena 3.
    91 | D        | Noticed a phantom
    91 | D        | Noticed a necrophage
    91 | D        | Noticed a wight
    91 | D        | Found a transporter.
    93 | D        | Killed a wight
    94 | D        | Reached XP level 3. HP: 38/38 MP: 2/5
    94 | D        | Reached XP level 4. HP: 45/45 MP: 2/6
    95 | D        | Killed a necrophage
    95 | D        | Reached *** piety under Qazlal
    96 | D        | Reached skill level 5 in Maces & Flails
    96 | D        | Reached skill level 5 in Armour
    96 | D        | Reached skill level 5 in Shields
    96 | D        | Reached XP level 5. HP: 52/52 MP: 2/8
    97 | D        | Killed a phantom
    98 | D        | Reached skill level 5 in Invocations
   341 | D        | Entered arena 4.
   341 | D        | Noticed a merfolk
   341 | D        | Noticed a merfolk
   341 | D        | Noticed a merfolk
   341 | D        | Noticed a merfolk
   341 | D        | Found a transporter.
   353 | D        | Killed a merfolk
   353 | D        | Killed a merfolk
   354 | D        | Reached XP level 6. HP: 12/64 MP: 9/12
   354 | D        | Reached XP level 7. HP: 13/70 MP: 9/13
   355 | D        | Killed a merfolk
   355 | D        | Reached **** piety under Qazlal
   356 | D        | Reached skill level 10 in Fighting
   356 | D        | Killed a merfolk
   357 | D        | Reached XP level 8. HP: 42/80 MP: 9/15
  1062 | D        | Entered arena 5.
  1062 | D        | Found a transporter.
  1067 | D        | Reached ***** piety under Qazlal
  1089 | D        | Entered arena 6.
  1089 | D        | Noticed a tarantella
  1089 | D        | Noticed a tarantella
  1089 | D        | Found a transporter.
  1091 | D        | Killed a tarantella
  1092 | D        | Reached skill level 10 in Invocations
  1096 | D        | Killed a tarantella
  1105 | D        | Entered arena 7.
  1105 | D        | Noticed a deep elf pyromancer
  1105 | D        | Noticed a deep elf zephyrmancer
  1105 | D        | Noticed a deep elf knight
  1105 | D        | Noticed a deep elf pyromancer
  1105 | D        | Noticed a deep elf knight
  1106 | D        | Killed a deep elf pyromancer
  1106 | D        | Killed a deep elf knight
  1106 | D        | Killed a deep elf zephyrmancer
  1107 | D        | Reached XP level 9. HP: 77/92 MP: 7/18
  1108 | D        | Found a transporter.
  1110 | D        | Killed a deep elf pyromancer
  1111 | D        | Reached XP level 10. HP: 86/100 MP: 7/19
  1118 | D        | Killed a deep elf knight
  1118 | D        | Reached ****** piety under Qazlal
  1126 | D        | Got the amulet "Femaser" {Reflect rElec SH+5}
  1183 | D        | Entered arena 8.
  1183 | D        | Found the macabre finger necklace {rN+}
  1184 | D        | Found a transporter.
  1351 | D        | Entered arena 9.
  1352 | D        | Found a transporter.
  1387 | D        | Entered arena 10.
  1387 | D        | Noticed a +2 dire flail of protection
  1387 | D        | Noticed a +0 battleaxe of electrocution
  1387 | D        | Noticed a deep elf zephyrmancer
  1387 | D        | Noticed a deep elf archer
  1387 | D        | Noticed a deep elf archer
  1387 | D        | Noticed a deep elf pyromancer
  1387 | D        | Noticed a deep elf pyromancer
  1388 | D        | Found a transporter.
  1389 | D        | Killed a deep elf pyromancer
  1389 | D        | Killed a +0 battleaxe of electrocution
  1389 | D        | Killed a deep elf archer
  1389 | D        | Killed a deep elf pyromancer
  1390 | D        | Killed a deep elf archer
  1391 | D        | Reached XP level 11. HP: 99/111 MP: 3/21
  1401 | D        | Killed a deep elf zephyrmancer
  1405 | D        | Killed a +2 dire flail of protection
  1406 | D        | Reached skill level 15 in Invocations
  1512 | D        | Entered arena 11.
  1513 | D        | Found a transporter.
  1525 | D        | Reached skill level 15 in Fighting
  1802 | D        | Got the ring of Upticsuw {*Corrode Dex+5 SInv}
  1810 | D        | Got the +0 cloak "Ymunepri" {rC- Str+7}
  1821 | D        | Entered arena 12.
  1821 | D        | Found the +8 trishula "Condemnation" {holy, anguish, *Noise
                  | Fly rN+}
  1821 | D        | Noticed a war gargoyle
  1821 | D        | Noticed an ancient lich
  1821 | D        | Noticed an ancient champion
  1821 | D        | Noticed a crystal echidna
  1821 | D        | Noticed a war gargoyle
  1821 | D        | Noticed an ancient champion
  1821 | D        | Noticed a dread lich
  1822 | D        | Noticed an iron golem
  1822 | D        | Identified the ring "Huw Jigg" {Contam rPois rF+ Str+6}
  1822 | D        | Noticed an ancient champion
  1823 | D        | Killed a war gargoyle
  1823 | D        | Killed an ancient champion
  1824 | D        | Killed an ancient champion
  1824 | D        | Killed a war gargoyle
  1824 | D        | Killed an ancient champion
  1824 | D        | Noticed a quicksilver elemental
  1825 | D        | Reached XP level 12. HP: 112/124 MP: 6/24
  1825 | D        | Killed a crystal echidna
  1831 | D        | Found a transporter.
  1832 | D        | Noticed a Brimstone Fiend
  1836 | D        | Killed from afar by a Brimstone Fiend

Illustrated notes

Levels and vault maps discovered:
D:        sprint_v [room_start, room_1, room_2, room_3, room_4, room_5, room_6,
          room_7, room_8, room_9, room_10, room_11, room_12, room_13, room_14,
          room_15, room_16, room_17, room_18, room_19, room_20, room_21,
          room_22, room_23, room_24, room_25, room_26, room_27]

Skill      XL: |  1  2  3  4  5  6  7  8  9 10 11 |
---------------+----------------------------------+-----
Fighting       | 5 6 7 9 10 12 14 16 | 16.6
Maces & Flails | 3 4 5 8 11 12 14 | 14.9
Armour         | 3 4 5 7 8 11 12 14 | 14.9
Shields        | 3 4 5 7 8 11 12 14 | 14.9
Invocations    | 2 4 8 9 12 14 16 | 16.9
Short Blades   | |  3.0
Dodging        | |  2.4
Stealth        | |  1.5

Action                   |  1- 3 |  4- 6 |  7- 9 | 10-12 || total
-------------------------+-------+-------+-------+-------++-------
Melee: Shillelagh        |     1 |     3 |     9 |    38 ||    51
Invok: Disaster Area     |       |       |     1 |     4 ||     5
       Upheaval          |       |       |       |     1 ||     1
       Elemental Force   |       |       |       |     1 ||     1
Evoke: Wand              |     2 |     5 |     2 |       ||     9
  Use: Potion            |     1 |     3 |     1 |       ||     5
       Scroll            |       |       |       |     1 ||     1
Armor: Crystal plate arm |     2 |    21 |     5 |    14 ||    42
Dodge: Dodged            |       |       |       |     5 ||     5
Block: Tower shield      |     3 |     2 |    13 |    55 ||    73
       Reflection        |       |       |       |     2 ||     2

Table legend: (Time is in decaauts)
 A = Elapsed time spent in this place.
 B = Non-inter-level travel time spent in this place.
 C = Inter-level travel time spent in this place.
 D = Time resting spent in this place.
 E = Time spent auto-exploring this place.
 F = Levels seen in this place.
 G = Mean time per level.
                   A        B        C        D        E       F      G
               +--------+--------+--------+--------+--------+-----+--------+
         Total |   1850 |   1850 |      0 |   1509 |      0 |   1 | 1850.0 |
       Dungeon |   1850 |   1850 |      0 |   1509 |      0 |   1 | 1850.0 |
               +--------+--------+--------+--------+--------+-----+--------+

Top non-repeatable levels by time:
       D: 1850 daAuts
